 Dungeon Crawl Stone Soup version 0.27-a0-978-g2aa4ecdaef (webtiles) character file.

Game seed: 5773469771602904552

8902 porpoise the Fighter (level 11, -2/86 HPs)
             Began as a Djinni Ice Elementalist on Apr 15, 2021.
             Was a Follower of Makhleb.
             Slain by a six-headed hydra (5 damage)
             ... on level 1 of the Lair of Beasts.
             The game lasted 00:59:25 (14715 turns).

porpoise the Fighter (Djinni Ice Elementalist)     Turns: 14715, Time: 00:59:26

Health: -2/86      AC:  6    Str: 12    XL:     11   Next: 38%
Gold:   1172       EV: 16    Int: 23    God:    Makhleb [*.....] SH:  0 Dex: 15

rFire    + + +     SeeInvis .   a - +5 scimitar of Hubir {venom, rF+ rN+ Will+ Str+3}
rCold    . . .     Faith    .   (no shield)
rNeg     + . .     Spirit   .   t - +2 robe {Will+}
rPois    ∞         Reflect  .   (no helmet)
rElec    .         Harm     .   F - +0 cloak
rCorr    .         Rampage  .   Q - +0 pair of gloves
Will     +++..                  (boots unavailable)
Stlth    +++.......             (no amulet)
HPRegen  0.24/turn              e - +6 ring of intelligence
MPRegen  0.00/turn              v - ring of protection from cold

@: flying, studying Spellcasting
A: fire resistance 2, cold vulnerability 1, float, innate caster, hp casting,
extra vitality 1
a: Renounce Religion


You were on level 1 of the Lair of Beasts.
You worshipped Makhleb.
Makhleb was aware of your devotion.
You visited 3 branches of the dungeon, and saw 12 of its levels.
You also visited: Ossuary.

You collected 1172 gold pieces.

Inventory:

Hand Weapons
 a - the +5 scimitar of Hubir (weapon) {venom, rF+ rN+ Will+ Str+3}
   (You took it off an orc on level 7 of the Dungeon)

   It poisons the flesh of those it strikes.
   It affects your strength (+3).
   It protects you from fire.
   It protects you from negative energy.
   It increases your willpower.
 b - the +5 arbalest "Worm's Wrath" {venom, rF++ Will+ Int-3 Dex+3}
   (You found it on level 5 of the Dungeon)

   It poisons the ammo it fires.
   It affects your intelligence (-3).
   It affects your dexterity (+3).
   It greatly protects you from fire.
   It increases your willpower.
 g - a +0 hunting sling
 s - a +0 hand crossbow
 w - a +4 short sword of speed
 G - the +7 mace "Goaleudu" {venom, rC+ Str-3 Dex+6}
   (You found it on level 6 of the Dungeon)

   It poisons the flesh of those it strikes.
   It affects your strength (-3).
   It affects your dexterity (+6).
   It protects you from cold.
Missiles
 d - 264 stones
 n - 91 sling bullets
 p - 52 bolts
 B - 5 boomerangs (quivered)
 C - 5 atropa-tipped darts
 J - 8 javelins
 M - 4 silver boomerangs
 T - 8 datura-tipped darts
Armour
 t - a +2 robe of willpower (worn)
 F - a +0 cloak (worn)
 Q - a +0 pair of gloves (worn)
 U - +0 steam dragon scales
Jewellery
 e - a +6 ring of intelligence (left hand)
 i - a +6 ring of dexterity
 v - a ring of protection from cold (right hand)
Wands
 r - a wand of acid (12)
 E - a wand of iceblast (15)
 K - a wand of charming (10)
 P - a wand of digging (6)
Scrolls
 h - 8 scrolls of teleportation
 m - a scroll of summoning {unknown}
 o - a scroll of noise {unknown}
 q - 3 scrolls of magic mapping
 u - a scroll of fear {unknown}
 x - a scroll of silence {unknown}
 y - a scroll of enchant weapon {unknown}
 A - a scroll of vulnerability {unknown}
 D - a scroll of immolation {unknown}
 I - a scroll of amnesia {unknown}
 N - a scroll of torment {unknown}
 R - a scroll of fog {unknown}
Potions
 c - a potion of berserk rage
 f - 4 potions of attraction
 j - 5 potions of haste
 k - 2 potions of brilliance
 l - 10 potions of curing
 z - a potion of ambrosia
 H - 2 potions of cancellation {unknown}
 L - 2 potions of heal wounds
 O - a potion of invisibility {unknown}
 V - 2 potions of mutation {unknown}
Miscellaneous
 S - a condenser vane (inert)


   Skills:
 + Level 10.9 Fighting
 - Level 9.0 Dodging
 - Level 5.0 Stealth
 + Level 7.8 Spellcasting
 - Level 3.0 Invocations
 - Level 5.0 Evocations


You couldn't memorise any spells.
You knew the following spells:

 Your Spells              Type           Power      Damage    Failure   Level
a - Freeze                Ice            100%       1d11      1%          1
b - Searing Ray           Conj           90%        3d6       1%          2
c - Ozocubu's Armour      Ice            45%        N/A       1%          3
d - Animate Dead          Necr           22%        N/A       2%          4
e - Metabolic Englaciati  Hex/Ice        22%        N/A       8%          5
h - Ensorcelled Hibernat  Hex/Ice        90%        N/A       1%          2
i - Hailstorm             Conj/Ice       45%        3d10      2%          4
m - Mephitic Cloud        Conj/Pois/Air  45%        N/A       1%          3
r - Frozen Ramparts       Ice            90%        1d11      1%          3
s - Sandblast             Erth           90%        2d19      1%          1
Your spell library was empty.

Dungeon Overview and Level Annotations

Branches:
Dungeon (10/15)            Temple (1/1) D:6            Lair (1/6) D:9
Ossuary (visited)
    Orc: D:9-12

Altars:
Ashenzari
Cheibriados
Dithmenos
Elyvilon
Fedhas
Gozag
Hepliaklqana
Kikubaaqudgha
Makhleb
Nemelex Xobeh
Okawaru
Qazlal
Ru
Sif Muna
Trog
Uskayaw
Vehumet
Wu Jian
Xom
Yredelemnul
Zin
The Shining One

Shops:
D:1 [

Annotations:
Lair:1 Gastronok


Innate Abilities, Weirdness & Mutations

You are immune to poison.
Your flesh is very heat resistant. (rF++)
You are vulnerable to cold. (rC-)
You float through the air rather than walking.
You learn spells naturally, not from books.
Your magical power is your life essence.
You have superior vitality. (+4 HP)


Message History

p - 53 bolts (gained 1)
A hydra and Gastronok come into view.
Casting: Sandblast (safe; 1% risk of failure)
Confirm with . or Enter, or press ? or * to list all spells.
Okay, then.
Unknown command.
You shoot a bolt. The bolt hits the six-headed hydra!!
The six-headed hydra is moderately wounded.
Gastronok gurgles horribly!
The +5 arbalest "Worm's Wrath" {venom, rF++ Will+ Int-3 Dex+3} stops dripping with poison.
You feel stronger.
The +5 scimitar of Hubir {venom, rF+ rN+ Will+ Str+3} begins to drip with poison!
a - the +5 scimitar of Hubir (weapon)
{venom, rF+ rN+ Will+ Str+3} The six-headed hydra barely misses you.
The six-headed hydra bites you! The six-headed hydra barely misses you.
The six-headed hydra misses you. The six-headed hydra bites you! x2
The six-headed hydra bites you! x3
* * * LOW HITPOINT WARNING * * *
The six-headed hydra bites you!
* * * LOW HITPOINT WARNING * * *
The six-headed hydra bites you.
* * * LOW HITPOINT WARNING * * *
The six-headed hydra closely misses you.
Unknown command.
You feel much better. The six-headed hydra bites you!
* * * LOW HITPOINT WARNING * * *
The six-headed hydra closely misses you.
The six-headed hydra barely misses you.
The six-headed hydra closely misses you.
The six-headed hydra bites you.
* * * LOW HITPOINT WARNING * * *
The six-headed hydra bites you.
* * * LOW HITPOINT WARNING * * *
Okay, then.
There is a staircase back to the Dungeon here.
The six-headed hydra bites you!
* * * LOW HITPOINT WARNING * * *
The six-headed hydra completely misses you.
The six-headed hydra bites you.
You die...

..............
#...........#
..........#
#........#
#...#P..## #
#w..# ###P..####
###.##..##.##
####.......D@..##
#.#.............#
##..............#
#..............#
##..........÷..#
#.............#
###.........#.#
##.......#.##
###P##.####


You could see Gastronok and a six-headed hydra.

Vanquished Creatures
  Erolcha (D:10)
  A two-headed ogre (D:9)
  Pikel (D:9)
  A black mamba (Lair:1)
  4 centaur zombies
  A gargoyle (D:10)
  An unseen horror (D:10)
  Psyche (D:8)
  2 komodo dragons
  Prince Ribbit (D:7)
  2 shadows (D:9)
  5 humans (D:8)
  2 steam dragons (D:10)
  Menkaure (D:6)
  3 water moccasins
  5 orc warriors
  4 sky beasts
  A necrophage (D:7)
  2 centaurs
  A phantom (D:5)
  3 bullfrogs
  A scorpion (D:6)
  A wyvern skeleton (D:7)
  8 killer bees
  A jelly (D:7)
  5 howler monkeys
  8 wights (D:8)
  A crimson imp (D:9)
  A centaur skeleton (D:7)
  5 hounds
  Crazy Yiuf (D:6)
  2 bullfrog skeletons
  2 orc priests
  3 iguanas
  6 orc wizards
  2 mummies
  A howler monkey zombie (D:7)
  5 adders
  3 gnolls (D:5)
  A white imp (D:9)
  3 ufetubi
  An adder skeleton (D:4)
  An adder zombie (D:5)
  A dart slug (D:2)
  30 orcs
  2 spectral bats (Ossuary)
  2 endoplasms
  2 giant cockroaches
  5 goblins
  5 hobgoblins
  8 jackals
  9 kobolds
  3 quokkas
  8 ball pythons
  5 bats
  2 bat simulacra (Ossuary)
  4 frilled lizards
  12 gnoll zombies (Ossuary)
  3 goblin simulacra (Ossuary)
  5 goblin zombies
  3 hobgoblin zombies (Ossuary)
  2 kobold simulacra (Ossuary)
  8 kobold zombies
  4 orc zombies (Ossuary)
  4 rats
  A spectral goblin (Ossuary)
  A spectral kobold (Ossuary)
  4 spectral rats (Ossuary)
238 creatures vanquished.

Vanquished Creatures (others)
  2 jackals (D:1)
  A fungus (Lair:1)
  19 plants
  3 withered plants (D:2)
25 creatures vanquished.

Grand Total: 263 creatures vanquished

Notes
Turn   | Place    | Note
-------+----------+-------------------------------------------
     0 | D:1      | porpoise the Djinni Ice Elementalist began the quest for
                  | the Orb.
     0 | D:1      | Reached XP level 1. HP: 15/15 MP: 0/0
   769 | D:1      | Reached skill level 1 in Fighting
   769 | D:1      | Reached XP level 2. HP: 22/22 MP: 0/0
  1081 | D:1      | Found Rosofaf's Armour Boutique.
  1652 | D:2      | Reached XP level 3. HP: 25/28 MP: 0/0
  1652 | D:2      | Learned a level 1 spell: Sandblast
  1699 | D:2      | Reached skill level 2 in Fighting
  1889 | D:2      | Found a faded altar of an unknown god.
  2386 | D:2      | Reached XP level 4. HP: 33/33 MP: 0/0
  3805 | D:4      | Reached skill level 3 in Fighting
  3805 | D:4      | Reached XP level 5. HP: 32/40 MP: 0/0
  3805 | D:4      | Learned a level 2 spell: Ensorcelled Hibernation
  4236 | D:4      | Noticed an orc warrior
  4242 | D:4      | Killed an orc warrior
  4243 | D:4      | Reached skill level 4 in Fighting
  4243 | D:4      | Reached skill level 5 in Spellcasting
  4243 | D:4      | Reached XP level 6. HP: 39/47 MP: 0/0
  4598 | D:5      | Entered Level 5 of the Dungeon
  4685 | D:5      | Reached XP level 7. HP: 20/53 MP: 0/0
  4685 | D:5      | Learned a level 2 spell: Searing Ray
  4830 | D:5      | Found a sand-covered staircase.
  4902 | Ossuary  | Entered an ossuary
  5468 | Ossuary  | Reached skill level 5 in Fighting
  5851 | D:5      | Identified the +5 arbalest "Worm's Wrath" {venom, rF++
                  | Will+ Int-3 Dex+3}
  6448 | D:6      | Found a staircase to the Ecumenical Temple.
  6661 | Temple   | Entered the Ecumenical Temple
  6930 | D:6      | Noticed Menkaure
  6936 | D:6      | Killed Menkaure
  6937 | D:6      | Reached XP level 8. HP: 51/59 MP: 0/0
  7472 | D:6      | Found a runed translucent door.
  7473 | D:6      | Noticed Crazy Yiuf
  7480 | D:6      | Killed Crazy Yiuf
  7522 | D:6      | Identified the +7 mace "Goaleudu" {venom, rC+ Str-3 Dex+6}
  7626 | D:7      | Reached skill level 5 in Dodging
  8076 | D:7      | Noticed Prince Ribbit
  8080 | D:7      | Killed Prince Ribbit
  8081 | D:7      | Reached skill level 6 in Fighting
  8088 | D:7      | Reached skill level 7 in Fighting
  8174 | D:7      | Reached XP level 9. HP: 59/68 MP: 0/0
  8174 | D:7      | Learned a level 3 spell: Mephitic Cloud
  8672 | D:7      | Reached skill level 8 in Fighting
  9107 | D:7      | Found a snail-covered altar of Cheibriados.
  9115 | D:7      | Found a sacrificial altar of Ru.
  9122 | D:7      | Found an iron altar of Okawaru.
  9310 | D:7      | Identified the +5 scimitar of Hubir {venom, rF+ rN+ Will+
                  | Str+3}
  9961 | D:8      | Noticed Psyche
  9966 | D:8      | Killed Psyche
 10290 | D:8      | Reached skill level 9 in Fighting
 10290 | D:8      | Reached skill level 5 in Stealth
 10487 | D:8      | Reached skill level 1 in Evocations
 10534 | D:8      | Reached XP level 10. HP: 60/78 MP: 0/0
 12057 | D:9      | Found a staircase to the Lair.
 12294 | D:9      | Found a burning altar of Makhleb.
 12307 | D:9      | Became a worshipper of Makhleb the Destroyer
 12310 | D:9      | Noticed Pikel
 12317 | D:9      | Killed Pikel
 12318 | D:9      | Reached skill level 5 in Evocations
 12470 | D:9      | Noticed a two-headed ogre
 12478 | D:9      | Killed a two-headed ogre
 12668 | D:9      | Identified 2 scrolls of acquirement
 12668 | D:9      | Acquired 600 gold pieces
 12670 | D:9      | Acquired a manual of Spellcasting
 12818 | D:9      | Reached skill level 1 in Invocations
 13230 | D:10     | Entered Level 10 of the Dungeon
 13309 | D:10     | Noticed a gargoyle
 13324 | D:10     | Killed a gargoyle
 13325 | D:10     | Reached skill level 10 in Fighting
 13325 | D:10     | Reached XP level 11. HP: 35/85 MP: 0/0
 13325 | D:10     | Learned a level 4 spell: Animate Dead
 13760 | D:10     | Noticed Erolcha
 13771 | D:10     | Killed Erolcha
 14112 | D:10     | Reached * piety under Makhleb
 14350 | Lair:1   | Entered Level 1 of the Lair of Beasts
 14705 | Lair:1   | Noticed Gastronok
 14705 | Lair:1   | Noticed a six-headed hydra
 14715 | Lair:1   | HP: 3/86 [six-headed hydra (10)]
 14715 | Lair:1   | Slain by a six-headed hydra

Illustrated notes

Levels and vault maps discovered:
D:1:      dpeg_arrival_concentric_ovals, layout_basic, serial_shops, shop,
          lemuel_old_faithful
D:2:      layout_rooms, shapermc_ecumenical_altar_flowoftime
D:3:      layout_loops_ring
D:4:      layout_gridville, marbit_many_paths, guppyfry_early_orc_mine
D:5:      layout_rooms, nicolae_ossuary_entry_giza
D:6:      layout_rooms, minmay_temple_entry_stoned_glass, uniq_menkaure,
          uniq_crazy_yiuf_cottage
D:7:      layout_loops_corners, grunt_temple_overflow_diamond,
          uniq_prince_ribbit1
D:8:      layout_basic, minmay_ruffians, uniq_psyche
D:9:      layout_basic, bloody_makhleb, david_lair_shrubbed,
          minmay_fire_ice_demons, uniq_pikel
D:10:     layout_cave_pods, small_statue_alley_a, hangedman_misty_isle,
          uniq_erolcha
Temple:   minmay_crystal_spiral_temple
Lair:1:   gammafunk_cloud_chamber, layout_cave_pods, uniq_gastronok

Skill      XL: |  1  2  3  4  5  6  7  8  9 10 11 |
---------------+----------------------------------+-----
Fighting       | 1 2 3 4 5 7 9 10 | 10.9
Spellcasting   | 4 5 6 7 |  7.8
Dodging        | 4 5 9 |  9.0
Stealth        | 2 5 |  5.0
Evocations     | 2 5 |  5.0
Invocations    | 2 3 |  3.0

Action                   |  1- 3 |  4- 6 |  7- 9 | 10-12 || total
-------------------------+-------+-------+-------+-------++-------
Melee: Short sword       |    53 |    13 |    29 |     1 ||    96
       Scimitar          |       |       |       |     5 ||     5
 Fire: Hunting sling     |    18 |    72 |    41 |       ||   131
       Arbalest          |       |       |    44 |    57 ||   101
Throw: Stone             |     1 |       |       |       ||     1
       Boomerang         |       |       |       |     1 ||     1
 Cast: Freeze            |    28 |    14 |     5 |       ||    47
       Frozen Ramparts   |     1 |     2 |     9 |     8 ||    20
       Sandblast         |       |    22 |    35 |    11 ||    68
       Ensorcelled Hiber |       |     1 |       |     7 ||     8
       Searing Ray       |       |       |    33 |    21 ||    54
       Hailstorm         |       |       |     3 |       ||     3
       Ozocubu's Armour  |       |       |     1 |       ||     1
       Mephitic Cloud    |       |       |       |     1 ||     1
Evoke: Wand              |       |       |       |     1 ||     1
       Condenser vane    |       |       |       |     1 ||     1
  Use: Scroll            |       |     4 |     7 |     2 ||    13
       Potion            |       |       |       |     2 ||     2
 Stab: Sleeping          |     2 |     2 |     6 |     1 ||    11
Armor: Robe              |    11 |     1 |    23 |     3 ||    38
Dodge: Dodged            |    31 |    23 |    49 |    43 ||   146
       Rpst.: Scimitar   |       |       |       |     5 ||     5

Table legend: (Time is in decaauts)
 A = Elapsed time spent in this place.
 B = Non-inter-level travel time spent in this place.
 C = Inter-level travel time spent in this place.
 D = Time resting spent in this place.
 E = Time spent auto-exploring this place.
 F = Levels seen in this place.
 G = Mean time per level.
                   A        B        C        D        E       F      G
               +--------+--------+--------+--------+--------+-----+--------+
         Total |  14762 |  14353 |    409 |   6684 |   5493 |  13 | 1135.5 |
       Dungeon |  13296 |  12971 |    325 |   6068 |   5334 |  10 | 1329.6 |
        Temple |    210 |    126 |     84 |      0 |    126 |   1 |  210.0 |
          Lair |    366 |    366 |      0 |    308 |     33 |   1 |  366.0 |
       Ossuary |    889 |    889 |      0 |    307 |      0 |   1 |  889.0 |
               +--------+--------+--------+--------+--------+-----+--------+

Top non-repeatable levels by time:
     D:7: 2339 daAuts
     D:8: 2050 daAuts
     D:1: 1570 daAuts
     D:4: 1401 daAuts
     D:9: 1291 daAuts
    D:10: 1101 daAuts
     D:2: 1022 daAuts
     D:6: 959 daAuts
     D:5: 950 daAuts
 Ossuary: 889 daAuts
     D:3: 610 daAuts
  Lair:1: 366 daAuts
  Temple: 210 daAuts
